 Dungeon Crawl Stone Soup version 0.31-a0-532-g28f74ba3e5 (webtiles) character file.

Game seed: 3432182547278777528

980 bobarctor the Ducker (level 7, -2/55 HPs)
             Began as a Demonspawn Monk on Aug 13, 2023.
             Was a Believer of Kikubaaqudgha.
             Slain by a gnoll
             ... wielding a +0 halberd of protection
             ... led by a gnoll bouda
              (3 damage)
             ... on level 6 of the Dungeon.
             The game lasted 00:16:56 (5422 turns).

bobarctor the Ducker (Demonspawn Monk)              Turns: 5422, Time: 00:16:56

Health: -2/55      AC: 10    Str: 12    XL:     7   Next: 96%
Magic:  8/11       EV: 15    Int: 13    God:    Kikubaaqudgha [**....]
Gold:   359        SH:  0    Dex: 21    Spells: 3/11 levels left

rFire   . .          .
                       - Unarmed
rCold   . . .        c - orb {light}
rNeg    . . .        D - +3 leather armour
rPois   .            f - melded +0 helmet
rElec   .            s - melded +0 cloak
rCorr   .            l - melded +0 pair of gloves
SInv    .            (boots currently unavailable)
Will    .....        (no amulet)
Stlth   +            e - +4 ring of protection
HPRegen 0.29/turn    p - +6 ring of dexterity
MPRegen 0.12/turn

%: no passive effects
@: beast-form, glowing
A: beast (slay +0), claws 1, demonic guardian 1
a: Begin Untransformation, Renounce Religion, Unearth Wretches


You were on level 6 of the Dungeon.
You worshipped Kikubaaqudgha.
Kikubaaqudgha was pleased with you.
You were a hulking beast.
You visited 2 branches of the dungeon, and saw 7 of its levels.

You collected 359 gold pieces.

Inventory:

Hand Weapons
 n - the +11 dagger "Demonbane" {flame, Str+6}
   (You took it off an orc on level 3 of the Dungeon)

   Str+6:     It affects your strength (+6).
Missiles
 B - 3 curare-tipped darts
Armour
 a - a +0 robe
 c - an orb of light (worn)
 f - a +0 helmet (melded)
 l - a +0 pair of gloves (melded)
 s - a +0 cloak (melded)
 D - a +3 leather armour (worn)
Magical Staves
 y - a staff of cold
Jewellery
 e - a +4 ring of protection (left claw)
 i - a ring of protection from fire
 p - a +6 ring of dexterity (right claw)
Talismans
 r - a beast talisman (active)
Wands
 x - a wand of paralysis (20)
Scrolls
 d - 4 scrolls of identify {unknown}
 h - 3 scrolls of amnesia {unknown}
 j - 2 scrolls of vulnerability {unknown}
 o - a scroll of enchant armour {unknown}
 t - 2 scrolls of blinking {unknown}
 u - 2 scrolls of revelation {unknown}
 v - 2 scrolls of noise {unknown}
 z - a scroll of poison {unknown}
Potions
 b - a potion of ambrosia
 g - a potion of degeneration {unknown}
 k - a potion of lignification {unknown}
 m - a potion of invisibility {unknown}
 q - 2 potions of brilliance {unknown}
 w - a potion of cancellation {unknown}
 A - a potion of haste {unknown}
 C - a potion of curing {unknown}


   Skills:
 * Level 4.5 Fighting
 + Level 0.1 Short Blades
 * Level 0.4 Staves
 * Level 0.1 Throwing
 * Level 5.7 Dodging
 * Level 3.6 Unarmed Combat
 - Level 2.7 Spellcasting
 - Level 1.6 Conjurations
 - Level 1.9 Hexes
 - Level 1.1 Necromancy
 - Level 0.8 Ice Magic
 - Level 2.2 Poison Magic
 * Level 0.4 Evocations
 + Level 0.1 Shapeshifting


You had 3 spell levels left.
You knew the following spells:

 Your Spells              Type           Power      Damage    Failure   Level
a - Olgreb's Toxic Radia  Pois           7%         N/A       77%         4
b - Dazzling Flash        Conj/Hex       12%        N/A       41%         3
c - Necrotise             Necr           16%        1d4       19%         1

Your spell library contained the following spells:

 Spells                   Type           Power      Damage    Failure   Level
 Kiss of Death            Conj/Necr      20%        2d7       17%         1
 Ensorcelled Hibernation  Hex/Ice        10%        N/A       26%         2
 Cigotuvi's Dreadful Rot  Necr/Pois/Air  8%         N/A       28%         2
 Gell's Gravitas          Tloc           1%         N/A       65%         3
 Teleport Other           Tloc           1%         N/A       65%         3
 Volatile Blastmotes      Fire/Tloc      2%         2d10      65%         3
 Anguish                  Hex/Necr       2%         N/A       85%         4
 Animate Dead             Necr           4%         N/A       88%         4
 Fireball                 Conj/Fire      1%         3d3       99%         5
 Iskenderun's Battlesphe  Conj           6%         2d6       99%         5
 Conjure Ball Lightning   Conj/Air       1%         3x3d6     100%        6
 Dispersal                Tloc           0%         N/A       100%        6
 Starburst                Conj/Fire      1%         6d3       100%        6
 Orb of Destruction       Conj           3%         9d5       100%        7
 Discord                  Hex            3%         N/A       100%        8
 Ignition                 Fire           0%         3d3       100%        8
 Maxwell's Capacitive Co  Air            0%         ∞         100%        8


Dungeon Overview and Level Annotations

Branches:
Dungeon (6/15)             Temple (1/1) D:5

Altars:
Cheibriados
Dithmenos
Fedhas
Gozag
Hepliaklqana
Kikubaaqudgha
Nemelex Xobeh
Okawaru
Qazlal
Ru
Sif Muna
Trog
Uskayaw
Vehumet
Yredelemnul

Shops:
D:4 =   D:5 ([:


Innate Abilities, Weirdness & Mutations

You are a hulking beast.
Your limbs bulge with bestial killing power. (Slay +0)
You have sharp fingernails.
A weak demonic guardian rushes to your aid.


Message History

The gnoll bouda is heavily wounded.
The gnoll bouda hits you with a +0 club!
* * * LOW HITPOINT WARNING * * *
The gnoll hits you from afar with a +0 halberd.
* * * LOW HITPOINT WARNING * * *
The gnoll barely misses you.
You scratch the gnoll bouda.
The gnoll bouda is almost dead.
The gnoll bouda barely misses you. The gnoll misses you.
The gnoll hits you but does no damage.
Unknown command.
You scratch the gnoll bouda.
You kill the gnoll bouda!
Kikubaaqudgha accepts your kill. The gnoll barely misses you.
Unknown command.
Casting: Necrotise (safe; 19% risk of failure)
Confirm with . or Enter, or press ? or * to list all spells.
Aiming: Necrotise (safe; 19% risk of failure)
Press: ? - help, Shift-Dir - straight line, f - gnoll
Aim: a gnoll, wielding a +0 halberd (covering ground quickly, haloed, chance to affect: 56%)
The gnoll writhes in agony.
The gnoll barely misses you. x2
The gnoll closely misses you. The gnoll completely misses you.
You scratch the gnoll.
The gnoll is moderately wounded.
The gnoll is no longer moving quickly.
The gnoll hits you with a +0 halberd of protection.
* * * LOW HITPOINT WARNING * * *
The gnoll hits you with a +0 halberd.
* * * LOW HITPOINT WARNING * * *
A demonic guardian appears!
You swap places.
Your attacks no longer feel as feeble.
The gnoll barely misses you.
The gnoll hits you from afar with a +0 halberd!
* * * LOW HITPOINT WARNING * * *
Your white imp hits the gnoll but does no damage.
The gnoll hits you from afar with a +0 halberd of protection.
You die...
Kikubaaqudgha rasps: "You have failed me!
Welcome... death!"

######## #### ##....h.## ### ####
##..#######....5)..## ###.####..#
.......##.....gg....###..##......
......####........####..##.......
.....## #...#..### ##.##........
.....# ##...### #..#.........
....#######...## ##.#..........
...............## ##.#...........
...............g###)))..........#


You could see 2 gnolls and a friendly white imp (summoned).

Vanquished Creatures
  Edmund (D:6)
  A black bear (D:5)
  A scorpion (D:5)
  2 wights (D:5)
  4 hounds
  Crazy Yiuf (D:3)
  2 gnoll boudas (D:6)
  An iguana (D:5)
  A sleepcap (D:4)
  2 orc wizards
  6 adders
  11 gnolls
  A white imp (D:4)
  2 ufetubi (D:4)
  A worm (D:2)
  3 dart slugs
  7 orcs
  7 bats
  5 endoplasms
  3 giant cockroaches
  10 goblins
  5 hobgoblins
  3 jackals (D:1)
  11 kobolds
  7 quokkas
  9 ball pythons
  5 frilled lizards
  10 rats
122 creatures vanquished.

Vanquished Creatures (collateral kills)
  A shadow imp (D:6)
  A ball python (D:3)
  A goblin (D:3)
3 creatures vanquished.

Grand Total: 125 creatures vanquished

Notes
Turn   | Place    | Note
-------+----------+-------------------------------------------
     0 | D:1      | bobarctor the Demonspawn Monk began the quest for the Orb.
     0 | D:1      | Reached XP level 1. HP: 18/18 MP: 1/1
   208 | D:1      | Gained mutation: You have sharp fingernails. [demonic
                  | ancestry]
   208 | D:1      | Reached XP level 2. HP: 24/24 MP: 2/2
   526 | D:1      | Reached skill level 3 in Dodging
   578 | D:1      | Reached XP level 3. HP: 24/29 MP: 4/4
   659 | D:1      | Reached skill level 1 in Spellcasting
  1724 | D:2      | Gained mutation: A weak demonic guardian rushes to your
                  | aid. [demonic ancestry]
  1724 | D:2      | Reached XP level 4. HP: 29/35 MP: 5/5
  2111 | D:3      | Identified the +11 dagger "Demonbane" {flame, Str+6}
  2124 | D:3      | Learned a level 4 spell: Olgreb's Toxic Radiance
  2126 | D:3      | Found a sparkling altar of Nemelex Xobeh.
  2360 | D:3      | Found a runed translucent door.
  2361 | D:3      | Noticed Crazy Yiuf
  2366 | D:3      | Killed Crazy Yiuf
  2755 | D:4      | Reached skill level 4 in Dodging
  2755 | D:4      | Reached XP level 5. HP: 42/42 MP: 7/7
  2796 | D:4      | Learned a level 3 spell: Dazzling Flash
  2982 | D:4      | Found Jeugeg's Jewellery Boutique.
  3251 | D:4      | Reached XP level 6. HP: 46/48 MP: 9/9
  3310 | D:4      | Reached skill level 1 in Poison Magic
  3791 | D:5      | Entered Level 5 of the Dungeon
  3872 | D:5      | Reached skill level 1 in Conjurations
  3872 | D:5      | Reached skill level 1 in Hexes
  3872 | D:5      | Found Emopn's Antique Weapon Shoppe.
  3959 | D:5      | Found Earendil's Dragon-Slaying Spoils.
  4007 | D:5      | Reached XP level 7. HP: 54/54 MP: 10/10
  4028 | D:5      | Found a staircase to the Ecumenical Temple.
  4037 | Temple   | Entered the Ecumenical Temple
  4129 | Temple   | Became a worshipper of Kikubaaqudgha
  4129 | Temple   | Reached * piety under Kikubaaqudgha
  4129 | Temple   | Received a gift from Kikubaaqudgha
  4129 | Temple   | Reached ** piety under Kikubaaqudgha
  4132 | Temple   | Learned a level 1 spell: Necrotise
  4448 | D:5      | Found Ogeror's Self-Improvement Boutique.
  4785 | D:5      | Reached skill level 5 in Dodging
  5064 | D:6      | Noticed Edmund
  5080 | D:6      | Killed Edmund
  5081 | D:6      | Reached skill level 1 in Necromancy
  5421 | D:6      | HP: 1/55 [gnoll/+0 halberd[a gnoll bouda] (9)]
  5422 | D:6      | Slain by a gnoll

Illustrated notes

Levels and vault maps discovered:
D:1:      psy_arrival_radial01, layout_basic, kennysheep_pointless_box
D:2:      layout_basic, chequers_serial_rivers_room_b
D:3:      layout_rooms, mainiacjoe_overflow_cross_hatched,
          uniq_crazy_yiuf_cottage
D:4:      layout_basic, serial_forest, infiniplex_forest_clump_double,
          infiniplex_forest_corner_1, infiniplex_forest_lined_3,
          infiniplex_forest_fountain, minmay_shop_enchanted_jewellery
D:5:      layout_cave_pods, minmay_temple_entry_junction, serial_shops,
          nicolae_shop_tiny_statue_garden, nicolae_shop_dragon_depot,
          nicolae_shop_self_help
D:6:      layout_cave_pods, serial_column_ruins, column_ruins_courtyard_long,
          column_ruins_hut_pillars, column_ruins_open_medium,
          column_ruins_grid_1, column_ruins_open_tiny, column_ruins_grid_2,
          column_ruins_grid_1, column_ruins_columns_dead_end, serial_shops,
          nicolae_shop_tiny_real_fake_doors, dreamdust_princess_corridor,
          kennysheep_generic_room_12, uniq_edmund
Temple:   bh_familiar_temple

Skill      XL: |  1  2  3  4  5  6  7 |
---------------+----------------------+-----
Dodging        | 3 4 5 |  5.7
Unarmed Combat | 3 |  3.6
Spellcasting   | 1 2 |  2.7
Poison Magic   | 1 2 |  2.2
Fighting       | 4 |  4.5
Conjurations   | 1 |  1.6
Hexes          | 1 |  1.9
Necromancy     | 1 |  1.1
Short Blades   | |  0.1
Staves         | |  0.4
Throwing       | |  0.1
Ice Magic      | |  0.8
Evocations     | |  0.4
Shapeshifting  | |  0.1

Action                     |  1- 3 |  4- 6 |  7- 9 || total
---------------------------+-------+-------+-------++-------
  Melee: Unarmed           |    16 |       |     7 ||    23
         Dagger            |   119 |   101 |    53 ||   273
   Cast: Necrotise         |       |       |     7 ||     7
   Stab: Distracted        |       |       |     2 ||     2
 Armour: Robe              |    45 |    23 |     3 ||    71
         Leather armour    |       |       |     4 ||     4
  Dodge: Dodged            |   121 |    71 |    60 ||   252
   Form: Beast             |       |       |     1 ||     1

Table legend: (Time is in decaauts)
 A = Elapsed time spent in this place.
 B = Non-inter-level travel time spent in this place.
 C = Inter-level travel time spent in this place.
 D = Time resting spent in this place.
 E = Time spent auto-exploring this place.
 F = Levels seen in this place.
 G = Mean time per level.
                   A        B        C        D        E       F      G
               +--------+--------+--------+--------+--------+-----+--------+
         Total |   5424 |   5215 |    209 |    284 |   3938 |   7 |  774.9 |
       Dungeon |   5294 |   5115 |    179 |    284 |   3938 |   6 |  882.3 |
        Temple |    129 |     99 |     30 |      0 |      0 |   1 |  129.0 |
               +--------+--------+--------+--------+--------+-----+--------+

Top non-repeatable levels by time:
     D:4: 1111 daAuts
     D:2: 1103 daAuts
     D:5: 989 daAuts
     D:1: 968 daAuts
     D:3: 663 daAuts
     D:6: 458 daAuts
  Temple: 129 daAuts
